 Dungeon Crawl Stone Soup version 0.21-a0-442-g848f44b (webtiles) character file.

63 KristoblXynda the Ducker (level 3, 0/18 HPs)
             Began as a Spriggan Gladiator on Nov 14, 2017.
             Slain by an orc
             ... wielding a +0 trident
              (11 damage)
             ... on level 3 of the Dungeon.
             The game lasted 00:03:16 (2056 turns).

KristoblXynda the Ducker (Spriggan Gladiator)       Turns: 2056, Time: 00:03:17

Health: 0/18       AC:  3    Str: 11    XL:     3   Next: 87%
Magic:  4/4        EV: 21    Int:  9    God:
Gold:   80         SH:  0    Dex: 17    Spells: 2/2 levels left

rFire    . . .     SeeInvis +   a - +0 long sword
rCold    . . .     Gourm    .   (shield restricted)
rNeg     . . .     Faith    .   b - +0 robe
rPois    .         Spirit   .   c - +0 hat
rElec    .         Reflect  .   p - +0 cloak
rCorr    .         Harm     .   (gloves unavailable)
MR       .....                  (boots unavailable)
Stlth    ++........             (no amulet)
HPRegen  0.06/turn              (no ring)
MPRegen  0.09/turn              (no ring)

@: very quick
A: unfitting armour, see invisible, herbivore 3, speed 3, slow metabolism 2
a: no special abilities


You were on level 3 of the Dungeon.
You were not hungry.

You visited 1 branch of the dungeon, and saw 3 of its levels.

You collected 80 gold pieces.

Inventory:

Hand Weapons
 a - a +0 long sword (weapon)
Missiles
 d - 5 throwing nets (quivered)
Armour
 b - a +0 robe (worn)
 c - a +0 hat (worn)
 p - a +0 cloak (worn)
 r - a +0 buckler
Scrolls
 h - a scroll of random uselessness {unknown}
 i - a scroll of remove curse {unknown}
 j - 2 scrolls of identify {unknown}
 l - a scroll of immolation {unknown}
 n - a scroll of blinking {unknown}
 s - a scroll of fog {unknown}
 u - 2 scrolls of amnesia {unknown}
Potions
 e - 2 potions of curing
 g - 2 potions of brilliance {unknown}
 k - a potion of magic {unknown}
 m - 2 potions of haste {unknown}
 o - a potion of degeneration {unknown}
 q - a potion of heal wounds {unknown}
 v - a potion of lignification {unknown}
Comestibles
 f - 3 bread rations
 t - a royal jelly


   Skills:
 - Level 1.5 Fighting
 * Level 3.5 Long Blades
 - Level 2.0 Throwing
 + Level 5.3 Dodging


You had 2 spell levels left.
You didn't know any spells.

Dungeon Overview and Level Annotations

Branches:
Dungeon (3/15)

Altars:
Trog


Innate Abilities, Weirdness & Mutations

You are very small and have problems with some larger weapons.
You are too small for most types of armour.
You have supernaturally acute eyesight. (SInv)
You are a herbivore.
You cover ground extremely quickly.
You need consume almost no food.


Message History

A rat comes into view.
You completely miss the orc. The orc closely misses you.
You riposte.
You hit the orc but do no damage. The orc misses you.
A kobold comes into view.
You hit the orc but do no damage. The orc closely misses you.
You riposte.
You slash the orc!
You kill the orc!
The kobold moves out of view.
The orc hits you from afar with a trident!
An orc priest comes into view. It is wielding a dagger.
The orc priest shouts!
You hear an angry hiss.
The orc priest moves out of view.
Found 9 gold pieces.
An adder comes into view.
You see here a leather armour.
You closely miss the orc.
The adder moves out of view.
The orc completely misses you.
The orc hits you from afar with a trident!
Ouch! That really hurt!
You die...

#.....(......#
#.#.##†......#
# #.##.......#
#.##.########
#)#..........
#.#.......##.
#.#.#####.#
#.#.# # #.#@#
#.#o#
#.#oK......
#..........
...........
###.#......
#.##...#. #.#
#.... #.. ..$.


You could see an orc priest, an orc and a kobold.

Vanquished Creatures
  An adder (D:2)
  2 oozes
  2 dart slugs (D:1)
  A leopard gecko (D:1)
  3 orcs (D:3)
  5 bats
  A giant cockroach (D:3)
  4 goblins
  2 hobgoblins
  3 jackals (D:1)
  4 kobolds
  A quokka (D:2)
  3 frilled lizards (D:2)
  4 rats
36 creatures vanquished.

Notes
Turn   | Place    | Note
-------+----------+-------------------------------------------
     0 | D:1      | KristoblXynda the Spriggan Gladiator began the quest for the Orb.
     0 | D:1      | Reached XP level 1. HP: 10/10 MP: 2/2
    51 | D:1      | Reached XP level 2. HP: 14/14 MP: 3/3
   523 | D:1      | Reached skill level 5 in Dodging
   827 | D:2      | Reached XP level 3. HP: 18/18 MP: 4/4
  1536 | D:2      | Found a bloodstained altar of Trog.
  2056 | D:3      | Slain by an orc

Vault maps used:
D:1:      lordsloth_arrival_two_stooges
D:2:      nicolae_overflow_hidden_temple, first_bread
D:3:      kennysheep_slug_shrine, evilmike_ruin_ashenzari,
          gammafunk_temple_overflow_wave, minmay_quantized, uniq_grinder

Skill      XL: |  1  2 |
---------------+-------+-----
Long Blades    | 3 |  3.5
Dodging        | 5 |  5.3
Fighting       | |  1.5
Throwing       | |  2.0

Action                   || total
-------------------------++-------
Melee: Long sword        ||    78
  Use: Potion            ||     1
 Stab: Sleeping          ||     4
Armor: Robe              ||     8
Dodge: Dodged            ||    80
       Rpst.: Long sword ||    25

Table legend:
 A = Spawn XP
 B = Non-spawn XP
 C = Spawn XP percentage of total XP
 D = Spawn monster count
 E = Non-spawn monster count
 F = Spawn count percentage of total count
 G = Total turns spent on level
                    A         B        C        D         E        F      G
               +---------+---------+-------+---------+---------+-------+---------
         Total |       0 |      90 |   0.0 |       0 |      36 |   0.0 |  2056
               +---------+---------+-------+---------+---------+-------+---------
           D:1 |       0 |      39 |   0.0 |       0 |      16 |   0.0 |   777
           D:2 |       0 |      30 |   0.0 |       0 |      13 |   0.0 |  1152
           D:3 |       0 |      21 |   0.0 |       0 |       7 |   0.0 |   127
               +---------+---------+-------+---------+---------+-------+---------
